 Dungeon Crawl Stone Soup version 0.30.1-3-gfc49f6343a (webtiles) character file.

Game seed: 1490472773756432145

18865 Zeor the Skirmisher (level 12, -11/96 HPs)
             Began as a Minotaur Hunter on Aug 4, 2023.
             Was an Elder of Hepliaklqana.
             Killed from afar by an ice statue (18 damage)
             ... with a bolt of cold
             ... in an ice cave.
             The game lasted 00:41:35 (11777 turns).

Zeor the Skirmisher (Minotaur Hunter)              Turns: 11777, Time: 00:41:36

Health: -11/96     AC: 10    Str: 16    XL:     12   Next: 31%
Magic:  16/16      EV: 21    Int:  6    God:    Hepliaklqana [****..]
Gold:   141        SH:  0    Dex: 19    Spells: 11/11 levels left

rFire   . . .        L - +2 morningstar (flame)
rCold   + . .        (no shield)
rNeg    . . .        y - +1 leather armour {rC+}
rPois   .            (helmet restricted)
rElec   .            (no cloak)
rCorr   .            (no gloves)
SInv    .            g - +1 pair of boots
Will    .....        (no amulet)
Stlth   ++           i - +4 ring of protection
HPRegen 0.36/turn    m - +5 ring of evasion
MPRegen 0.15/turn

%: no passive effects
@: studying Throwing
A: reduced essence, horns 2, retaliatory headbutt
a: Renounce Religion, Recall Ancestor, Ancestor Identity, Transference, Idealise


You were in an ice cave.
You worshipped Hepliaklqana.
Hepliaklqana was greatly pleased with you.
You visited 3 branches of the dungeon, and saw 13 of its levels.
You also visited: Sewer, Ossuary and Ice Cave.

You collected 931 gold pieces.
You spent 790 gold pieces at shops.

Inventory:

Hand Weapons
 a - a +2 shortbow of freezing
 b - the +8 trident of the Octopus King {venom, rElec rPois}
   (You found it on level 9 of the Dungeon)

   rElec:     It insulates you from electricity.
   rPois:     It protects you from poison.
 s - a +0 scimitar of flaming
 v - a +3 lajatang of pain
 C - a +0 arbalest
 J - a +2 morningstar of freezing
 K - a +1 shortbow of freezing
 L - a +2 morningstar of flaming (weapon)
 M - the +3 rapier of Wuosk {antimagic, rElec}
   (You bought it in a shop on level 6 of the Dungeon)

   rElec:     It insulates you from electricity.
Missiles
 j - 19 poisoned darts
 k - 3 curare-tipped darts
Armour
 d - a +2 leather armour of willpower
 g - a +1 pair of boots (worn)
 y - a +1 leather armour of cold resistance (worn)
Jewellery
 i - a +4 ring of protection (left hand)
 l - a ring of fire
 m - a +5 ring of evasion (right hand)
 F - a ring of willpower
 I - a ring of willpower
Wands
 h - a wand of polymorph (4)
 x - a wand of quicksilver (17)
 z - a wand of digging (6)
 D - a wand of roots (14)
 E - a wand of charming (13)
Scrolls
 e - a scroll of immolation
 n - 3 scrolls of identify
 o - 2 scrolls of blinking
 p - 3 scrolls of enchant armour
 t - a scroll of amnesia
 u - a scroll of butterflies
 w - 5 scrolls of poison
 B - a scroll of fog
 G - 6 scrolls of silence
 H - 5 scrolls of teleportation
Potions
 c - 3 potions of haste
 f - 9 potions of curing
 q - a potion of resistance
 r - a potion of magic
 A - 3 potions of heal wounds
 N - a potion of flight {unknown}


   Skills:
 + Level 10.5 Fighting
 + Level 3.0 Long Blades
 + Level 2.3(5.2) Maces & Flails
 + Level 6.0(7.7) Polearms
 + Level 7.3(8.5) Staves
 + Level 14.0 Ranged Weapons
 + Level 4.7 Armour
 + Level 7.1 Dodging
 + Level 2.5 Stealth
 * Level 7.7 Invocations


You had 11 spell levels left.
You didn't know any spells.
Your spell library contained the following spells:

 Spells                   Type           Power      Damage    Failure   Level
 Apportation              Tloc           0%         N/A       52%         1
 Freeze                   Ice            0%         1d3       52%         1
 Necrotise                Necr           0%         1d4       52%         1
 Frozen Ramparts          Ice            0%         1d1       87%         3
 Hailstorm                Conj/Ice       0%         3d3       87%         3
 Inner Flame              Hex/Fire       0%         N/A       87%         3
 Ozocubu's Armour         Ice            0%         N/A       87%         3
 Vampiric Draining        Necr           0%         2d6       87%         3
 Flame Wave               Conj/Fire      0%         2d4       99%         4
 Sticky Flame             Conj/Fire      0%         2d3       99%         4
 Summon Ice Beast         Ice/Summ       0%         N/A       99%         4
 Agony                    Necr           0%         N/A       100%        5
 Alistair's Intoxication  Tmut/Pois      0%         N/A       100%        5
 Blade Hands              Tmut           0%         N/A       100%        5
 Irradiate                Conj/Tmut      0%         3d11      100%        5
 Metabolic Englaciation   Hex/Ice        0%         N/A       100%        5
 Summon Mana Viper        Hex/Summ       0%         N/A       100%        5
 Simulacrum               Ice/Necr       0%         N/A       100%        6
 Dragon Form              Tmut           0%         N/A       100%        7
 Monstrous Menagerie      Summ           0%         N/A       100%        7


Dungeon Overview and Level Annotations

Branches:
Dungeon (9/15)             Temple (1/1) D:6            Lair (3/5) D:8
  Sewer (visited)         Ossuary (visited)           IceCv (1/1)
  Swamp: Lair:2-3    Shoals: Lair:2-3     Snake: Lair:2-3    Spider: Lair:2-3
    Orc: D:9-12

Altars:
Ashenzari
Cheibriados
Dithmenos
Elyvilon
Fedhas
Gozag
Hepliaklqana
Kikubaaqudgha
Makhleb
Nemelex Xobeh
Okawaru
Qazlal
Ru
Sif Muna
Trog
Uskayaw
Vehumet
Wu Jian
Xom
Yredelemnul
Zin
The Shining One

Shops:
D:6 (*!

Annotations:
D:4 3 runed translucent doors, leafyfresh's ghost, weakling GnDe; pogojo's ghost, amateur MiBe; rozman's ghost, amateur OgIE; spardeous's ghost, amateur DgCj IceCv exclusion: 2 ice statues


Innate Abilities, Weirdness & Mutations

Your life essence is reduced to manifest your ancestor. (-10% HP)
You have a pair of horns on your head.
You reflexively headbutt those who attack you in melee.


Message History

The ice beast misses you.
You hit the ice statue.
You melt the ice statue.
You headbutt the ice statue.
The ice statue is heavily damaged.
You are engulfed in freezing vapours.
You resist.
Inhapi is engulfed in freezing vapours.
Inhapi hits the ice beast with a +0 flail!
The ice beast dies!
The ice beast disappears in a puff of smoke!
The ice beast hits you but does no damage.
The ice statue gestures.
The ice statue gestures at you.
The freezing blast engulfs Inhapi.
Inhapi resists.
You puncture the ice statue!
You melt the ice statue.
The ice statue is severely damaged.
You are engulfed in freezing vapours.
You resist.
The ice beast hits you but does no damage.
Inhapi is engulfed in freezing vapours.
The ice beast barely misses you. The ice beast hits you.
The ice beast freezes you. You resist.
The ice beast hits you but does no damage.
You puncture the ice statue!
You melt the ice statue.
The ice statue is almost destroyed.
You are engulfed in freezing vapours.
You resist.
The ice statue gestures.
The ice statue gestures at you. The shard of ice hits you!
You partially resist.
* * * LOW HITPOINT WARNING * * *
The ice beast hits you.
* * * LOW HITPOINT WARNING * * *
The ice beast freezes you. You resist.
* * * LOW HITPOINT WARNING * * *
The ice beast hits you but does no damage.
The ice beast hits you.
* * * LOW HITPOINT WARNING * * *
The ice beast freezes you. You resist.
* * * LOW HITPOINT WARNING * * *
Inhapi hits the ice statue with a +0 flail!
The ice beast hits you but does no damage.
The ice statue glitters chillingly in the dim dungeon light.
The ice statue gestures at you. The bolt of cold hits you!! You resist.
You die... ▒∙∙∙∙∙∙▒▒ Y∙∙∙∙∙∙∙▒ ▒▒▒▒ ∙∙∙∙∙∙∙∙8

▒▒▒▒ ▒▒∙∙▒▒
∙∙∙∙∙∙∙R▒▒▒▒∙∙▒▒▒▒▒∙∙∙∙▒
∙∙∙∙∙○Y∙∙▒▒∙∙∙∙▒▒∙∙∙∙∙∙∙
∙∙∙∙°°∙∙∙°∙∙▒∙∙∙∙∙∙∙∩∙∩∙
∙∙∙∙○○○°○○∙▒▒▒∙∙∙∙∙∙∙∙∙∙
∙∙∙∙∙○°Y°▒▒▒ ▒▒∙∙▒▒∙∙∙∙▒
∙∙∙∙∙∙○H▒▒ ▒▒▒▒▒▒∙∙▒▒
▒∙∙∙∙∙YY8▒ ▒▒▒▒
▒∙∙∙∙∙○∙▒▒ ▒▒∙∙∙∙∙▒▒
▒∙∙∙∙∙ ▒▒∙∙▒▒ ▒▒∙ ▒▒


You could see the friendly Inhapi the knight, 2 ice statues and 5 ice beasts.

Vanquished Creatures
  2 hydras (Lair:2)
  Erica (D:8)
  6 elephants (Lair:1)
  2 cane toads (Lair:1)
  Maggie (D:7)
  A kobold demonologist (D:9)
  2 komodo dragons
  A rime drake (Lair:2)
  2 wraiths
  2 wyverns
  23 yaks
  A death yak simulacrum (Lair:3)
  A steam dragon (D:7)
  10 water moccasins
  Duvessa (D:7)
  A sky beast (D:4)
  3 black bears (Lair:1)
  An orc warrior (D:8)
  An ice beast (D:6)
  An ogre (D:5)
  2 centaurs
  6 wolves (Lair:1)
  2 kobold brigands
  9 bullfrogs
  2 gnoll sergeants
  A water moccasin zombie (Ossuary)
  5 wights (D:8)
  2 scorpions (D:6)
  Dowan (D:7)
  An elephant simulacrum (Lair:3)
  2 centaur zombies (Ossuary)
  A komodo dragon simulacrum (IceCv)
  2 jellies
  A bullfrog zombie (Ossuary)
  2 gnoll boudas
  7 orc priests
  4 hounds
  3 sleepcaps
  Jessica (D:3)
  3 iguanas
  5 orc wizards
  A scorpion zombie (Ossuary)
  A wolf simulacrum (Lair:3)
  A polar bear simulacrum (Lair:3)
  An ogre zombie (Ossuary)
  A mummy (D:5)
  Robin (D:4)
  9 gnolls
  2 acid dragon simulacra (IceCv)
  2 adders
  An ufetubus (D:5)
  A steam dragon simulacrum (IceCv)
  4 adder zombies (Ossuary)
  6 worms
  A dart slug (D:1)
  9 orcs
  6 ball pythons
  4 endoplasms
  2 giant cockroaches
  8 gnoll zombies (Ossuary)
  12 goblins
  11 hobgoblins
  2 jackals (D:4)
  A quokka (D:2)
  4 bats
  4 frilled lizards
  3 goblin zombies (Ossuary)
  5 hobgoblin zombies
  19 kobolds
  2 orc zombies (Ossuary)
  4 rats
253 creatures vanquished.

Vanquished Creatures (collateral kills)
  A hydra (Lair:2)
  A cyclops (D:9)
  A black mamba (Lair:1)
  A rime drake (IceCv)
  2 komodo dragons (Lair:2)
  A blink frog (Lair:1)
  7 yaks
  A basilisk (Lair:2)
  2 water moccasins (Lair:1)
  A sky beast (D:7)
  A centaur (D:7)
  A wolf (Lair:1)
  An elephant simulacrum (Lair:3)
  A komodo dragon simulacrum (IceCv)
  6 gnolls
  An acid dragon simulacrum (IceCv)
  An orc (D:8)
30 creatures vanquished.

Vanquished Creatures (others)
  3 knights
  4 ancestors
7 creatures vanquished.

Grand Total: 290 creatures vanquished

Notes
Turn   | Place    | Note
-------+----------+-------------------------------------------
     0 | D:1      | Zeor the Minotaur Hunter began the quest for the Orb.
     0 | D:1      | Reached XP level 1. HP: 18/18 MP: 0/0
   315 | D:1      | You fall into a shaft and drop 1 floor!
   387 | D:1      | Reached XP level 2. HP: 25/25 MP: 1/1
   766 | D:2      | Reached skill level 5 in Ranged Weapons
   781 | D:2      | Reached XP level 3. HP: 31/31 MP: 2/2
  1567 | D:3      | Reached skill level 1 in Armour
  1640 | D:3      | Noticed Jessica
  1648 | D:3      | Killed Jessica
  1649 | D:3      | Reached XP level 4. HP: 18/38 MP: 3/3
  2770 | D:4      | Noticed Robin
  2775 | D:4      | Killed Robin
  2859 | D:4      | Noticed a sky beast
  2877 | D:4      | Killed a sky beast
  2878 | D:4      | Reached skill level 6 in Ranged Weapons
  2878 | D:4      | Reached skill level 1 in Stealth
  2878 | D:4      | Reached XP level 5. HP: 26/45 MP: 4/4
  3250 | D:4      | Found a runed translucent gate.
  3250 | D:4      | Found a runed translucent gate.
  3250 | D:4      | Found a runed translucent gate.
  3251 | D:4      | Noticed spardeous's ghost (amateur DgCj)
  3251 | D:4      | Noticed pogojo's ghost (amateur MiBe)
  3251 | D:4      | Noticed rozman's ghost (amateur OgIE)
  3251 | D:4      | Noticed leafyfresh's ghost (weakling GnDe)
  3412 | D:5      | Entered Level 5 of the Dungeon
  3462 | D:5      | Reached skill level 1 in Staves
  3489 | D:5      | Reached XP level 6. HP: 33/52 MP: 5/5
  3569 | D:5      | Found a sand-covered staircase.
  3577 | Ossuary  | Entered an ossuary
  3876 | Ossuary  | Reached skill level 1 in Long Blades
  3988 | Ossuary  | Reached XP level 7. HP: 60/60 MP: 6/6
  3997 | Ossuary  | Noticed a wraith
  4016 | Ossuary  | Killed a wraith
  4017 | Ossuary  | Reached skill level 7 in Ranged Weapons
  4135 | Ossuary  | Noticed a silent spectre
  4182 | D:5      | Identified a scroll of acquirement
  4183 | D:5      | Acquired a +3 lajatang of pain
  4283 | D:5      | Found a sacrificial altar of Ru.
  4458 | D:5      | Reached skill level 5 in Fighting
  4501 | D:5      | Found a hide-covered altar of Uskayaw.
  4504 | D:5      | Found a shimmering blue altar of Sif Muna.
  4514 | D:5      | Found a burning altar of Makhleb.
  4517 | D:5      | Found a snail-covered altar of Cheibriados.
  4778 | D:6      | Found Oschinoda's Distillery.
  4778 | D:6      | Found Quyts's General Store.
  4778 | D:6      | Found Bexienni's Antique Weapon Shoppe.
  4786 | D:6      | Bought a potion of degeneration for 11 gold pieces
  4786 | D:6      | Bought 2 potions of heal wounds for 110 gold pieces
  4786 | D:6      | Bought a potion of might for 44 gold pieces
  4868 | D:6      | Found a glowing drain.
  4885 | Sewer    | Entered a sewer
  4916 | Sewer    | Reached XP level 8. HP: 56/69 MP: 7/7
  5189 | D:6      | Reached skill level 8 in Ranged Weapons
  5289 | D:6      | Reached skill level 5 in Dodging
  5347 | D:6      | Found a staircase to the Ecumenical Temple.
  5372 | Temple   | Entered the Ecumenical Temple
  5397 | Temple   | Became a worshipper of Hepliaklqana the Forgotten
  5666 | D:6      | Bought a ring of willpower for 325 gold pieces
  5980 | D:7      | Reached * piety under Hepliaklqana
  6024 | D:7      | Reached skill level 5 in Staves
  6024 | D:7      | Reached skill level 1 in Invocations
  6130 | D:7      | Noticed Maggie
  6138 | D:7      | Killed Maggie
  6139 | D:7      | Reached skill level 9 in Ranged Weapons
  6139 | D:7      | Reached XP level 9. HP: 64/70 MP: 9/9
  6237 | D:7      | Noticed Dowan
  6242 | D:7      | Noticed Duvessa
  6251 | D:7      | Killed Duvessa
  6284 | D:7      | Killed Dowan
  6378 | D:7      | Reached skill level 1 in Maces & Flails
  7021 | D:8      | Reached skill level 10 in Ranged Weapons
  7400 | D:8      | Reached XP level 10. HP: 50/77 MP: 10/12
  7529 | D:8      | Noticed Erica
  7541 | D:8      | Killed Erica
  7577 | D:8      | Found a staircase to the Lair.
  7688 | D:8      | Reached ** piety under Hepliaklqana
  7689 | D:8      | Remembered your ancestor Inhapi as a knight
  7985 | D:9      | Noticed a cyclops
  7995 | D:9      | Killed a cyclops
  7996 | D:9      | Reached skill level 11 in Ranged Weapons
  7996 | D:9      | Reached skill level 5 in Invocations
  8416 | D:9      | Found the +8 trident of the Octopus King {venom, rElec
                  | rPois}
  8712 | Lair:1   | Entered Level 1 of the Lair of Beasts
  8855 | Lair:1   | You fall into a shaft and drop 1 floor!
  8901 | Lair:2   | Reached *** piety under Hepliaklqana
  8950 | Lair:2   | Reached skill level 12 in Ranged Weapons
  8961 | Lair:2   | Reached XP level 11. HP: 30/85 MP: 14/14
  9238 | Lair:1   | Reached skill level 1 in Polearms
  9619 | Lair:1   | Reached skill level 13 in Ranged Weapons
 10443 | D:6      | Bought a runed shortbow for 120 gold pieces
 10443 | D:6      | Bought a slimy rapier for 180 gold pieces
 10443 | D:6      | Identified the +3 rapier of Wuosk {antimagic, rElec} (You
                  | bought it in a shop on level 6 of the Dungeon)
 10693 | Lair:2   | Reached **** piety under Hepliaklqana
 10785 | Lair:2   | Noticed a four-headed hydra
 10795 | Lair:2   | Killed a four-headed hydra
 10821 | Lair:2   | Reached skill level 10 in Fighting
 10821 | Lair:2   | Reached XP level 12. HP: 13/95 MP: 16/16
 11081 | Lair:2   | Noticed a seven-headed hydra
 11085 | Lair:2   | Noticed a seven-headed hydra
 11089 | Lair:2   | Killed a seven-headed hydra
 11090 | Lair:2   | Reached skill level 5 in Polearms
 11093 | Lair:2   | Killed a seven-headed hydra
 11521 | Lair:3   | Found a frozen archway.
 11670 | Lair:3   | Reached skill level 14 in Ranged Weapons
 11671 | IceCv    | Entered an ice cave
 11777 | IceCv    | Killed from afar by an ice statue

Illustrated notes

Levels and vault maps discovered:
D:1:      heliophobic_arrival_henge, layout_loops_ring,
          nicolae_figureground_pulse
D:2:      layout_basic
D:3:      layout_basic, uniq_jessica
D:4:      layout_loops_cross, gammafunk_ghost_cemetery, uniq_robin
D:5:      layout_basic, grunt_temple_overflow_cloverleaf,
          mainiacjoe_overflow_concentric_impassable, nicolae_ossuary_entry_giza,
          serial_curves, eino_curves_02, eino_curves_04, minmay_hedge_maze,
          grunt_decor_arrowhead, bh_walls_and_bars
D:6:      layout_rooms, minmay_temple_entry_statues_fountains,
          cheibrodos_sewer_entry_drain, nicolae_shop_distant_corner_stores,
          minivault_22
D:7:      layout_basic, uniq_maggie, uniq_duvessa
D:8:      layout_basic, david_lair_shrubbed, uniq_erica
D:9:      layout_gridville
Temple:   sentei_temple_godly_chess
Lair:1:   layout_gridlike, beast_lair_carwin_9, grunt_megastairs_3,
          serial_bayou_shore_b
Lair:2:   layout_long_grid, dreamdust_gnoll_shepherd, serial_bayou_shore_a
Lair:3:   layout_big_grid, shoals_dummy_entry, dummy_snake_entry,
          portal_ice_cave_entry_ice_simulacra, st_stairs_12, uniq_gastronok
IceCv:    ice_cave_small_dragons

Skill      XL: |  1  2  3  4  5  6  7  8  9 10 11 12 |
---------------+-------------------------------------+-----
Fighting       | 3 4 5 6 7 8 10 | 10.5
Ranged Weapons | 5 6 7 9 10 12 13 14 | 14.0
Armour         | 1 2 3 4 |  4.7
Dodging        | 3 4 5 6 7 |  7.1
Stealth        | 1 2 |  2.5
Staves         | 1 3 5 6 7 |  7.3
Long Blades    | 1 3 |  3.0
Invocations    | 1 4 5 7 |  7.7
Maces & Flails | 2 |  2.3
Polearms       | 4 6 |  6.0

Action                     |  1- 3 |  4- 6 |  7- 9 | 10-12 || total
---------------------------+-------+-------+-------+-------++-------
  Melee: Quarterstaff      |    12 |    19 |       |       ||    31
         Headbutt          |     3 |     9 |    23 |    39 ||    74
         Scimitar          |       |    37 |     7 |       ||    44
         Lajatang          |       |       |    88 |    16 ||   104
         Punch             |       |       |     1 |     3 ||     4
         Mace              |       |       |    10 |       ||    10
         Trident           |       |       |       |   110 ||   110
         Morningstar       |       |       |       |    14 ||    14
   Fire: Shortbow          |    94 |   151 |   194 |   288 ||   727
         Arbalest          |       |       |       |     5 ||     5
 Invoke: Ancestor Identity |       |       |     1 |       ||     1
         Recall Ancestor   |       |       |       |     1 ||     1
         Ancestor Life: Kn |       |       |       |     1 ||     1
         Idealise          |       |       |       |     1 ||     1
    Use: Scroll            |     6 |     8 |    10 |     3 ||    27
         Potion            |       |       |     4 |     2 ||     6
   Stab: Sleeping          |       |     1 |       |       ||     1
         Distracted        |       |       |     1 |     1 ||     2
 Armour: Leather armour    |     9 |    83 |    38 |    56 ||   186
         Steam dragon scal |       |       |     2 |       ||     2
  Dodge: Dodged            |     7 |    97 |   104 |   210 ||   418
